 Dungeon Sprint DCSS version 0.27-a0-216-g1fbed8a51c (webtiles) character file.

Game seed: 2287224068116739349

112 mhtbhm the Cudgeller (level 5, 0/47 HPs)
             Began as a Human Berserker on Feb 1, 2021.
             Was a Follower of Trog.
             Slain by Sigmund
             ... wielding a +0 scythe
              (8 damage)
             ... in the Dungeon (Sprint I: "Red Sonja").
             The game lasted 00:00:17 (147 turns).

mhtbhm the Cudgeller (Human Berserker)               Turns: 147, Time: 00:00:18

Health: 0/47       AC:  2    Str: 18    XL:     5   Next: 16%
Magic:  5/5        EV: 13    Int:  7    God:    Trog [*.....]
Gold:   54         SH:  0    Dex: 13    Spells: 4/4 levels left

rFire    . . .     SeeInvis .   a - +0 mace
rCold    . . .     Faith    .   (no shield)
rNeg     . . .     Spirit   .   b - +0 animal skin
rPois    .         Reflect  .   (no helmet)
rElec    .         Harm     .   (no cloak)
rCorr    .         Rampage  .   (no gloves)
Will     .....     NoTele   +   (no boots)
Stlth    +.........             (no amulet)
HPRegen  0.15/turn              (no ring)
MPRegen  0.09/turn              (no ring)

@: berserk cooldown, slowed, very slow
A: no striking features
a: Renounce Religion, Berserk


You were in the Dungeon.
You worshipped Trog.
Trog was aware of your devotion.
You visited 1 branch You collected 54 gold pieces.

Inventory:

Hand Weapons
 a - a +0 mace (weapon)
Armour
 b - a +0 animal skin (worn)
Wands
 i - a wand of polymorph (3)
Scrolls
 h - a scroll of blinking
Potions
 d - a potion of heal wounds
 e - a potion of haste
 f - 2 potions of magic
 g - a potion of berserk rage
 j - a potion of brilliance {unknown}


   Skills:
 + Level 6.3 Fighting
 + Level 6.5 Maces & Flails
 + Level 3.5 Armour
 + Level 3.6 Dodging
 + Level 0.9 Unarmed Combat


You had 4 spell levels left.
You didn't know any spells.
Your spell library was empty.

Dungeon Overview and Level Annotations

Branches:
Dungeon (1/1)

Altars:

Annotations:
D Sigmund


Message History

There is an open door here.
Unknown command.
You're too confused to move!
You feel your anger nearly subside.
You are no longer berserk.
You are exhausted.
You feel yourself slow down.
You feel better. Sigmund hits you but does no damage.
Sigmund gestures at you while chanting. The puff of flame hits you!
Sigmund hits you with a +0 scythe!
There is an open door, spattered with blood here.
You closely miss Sigmund. Sigmund hits you with a +0 scythe!
* * * LOW HITPOINT WARNING * * *
You barely miss Sigmund. Sigmund closely misses you.
You hit Sigmund.
Sigmund is lightly wounded.
Sigmund closely misses you.
You hit Sigmund.
Sigmund is moderately wounded.
Sigmund hits you with a +0 scythe!
You die...

#############
#<.#..)..#..+
#..)..#..@@.#
#..#####'####
#..# #..#
#..# ####
#..# #⌠⌠#
####


You could see Sigmund.

Vanquished Creatures
  An ogre (D)
  Ijyb (D)
2 creatures vanquished.

Notes
Turn   | Place    | Note
-------+----------+-------------------------------------------
     0 | D        | mhtbhm the Human Berserker began the quest for the Orb.
     0 | D        | Reached XP level 1. HP: 18/18 MP: 1/1
     1 | D        | Noticed Ijyb
     8 | D        | Killed Ijyb
     9 | D        | Reached XP level 2. HP: 26/26 MP: 2/2
     9 | D        | Reached XP level 3. HP: 31/31 MP: 3/3
    51 | D        | Noticed an ogre
    59 | D        | Killed an ogre
    60 | D        | Reached XP level 4. HP: 41/41 MP: 4/4
    60 | D        | Reached XP level 5. HP: 47/47 MP: 5/5
   137 | D        | Noticed Sigmund
   147 | D        | Slain by Sigmund

Illustrated notes

Levels and vault maps discovered:
D:        dungeon_sprint_1 [red_sonja_temple_1, red_sonja_temple_small_1]

Skill      XL: |  1  2  3 |
---------------+----------+-----
Fighting       | 4 6 |  6.3
Maces & Flails | 4 6 |  6.5
Armour         | 3 |  3.5
Dodging        | 3 |  3.6
Unarmed Combat | |  0.9

Action                   |  1- 3 |  4- 6 || total
-------------------------+-------+-------++-------
Melee: Unarmed           |     3 |       ||     3
       Mace              |     7 |     4 ||    11
Invok: Berserk           |     2 |     1 ||     3
  Use: Potion            |       |     1 ||     1
Armor: Skin              |     1 |       ||     1
Dodge: Dodged            |     4 |     2 ||     6

Table legend: (Time is in decaauts)
 A = Elapsed time spent in this place.
 B = Non-inter-level travel time spent in this place.
 C = Inter-level travel time spent in this place.
 D = Time resting spent in this place.
 E = Time spent auto-exploring this place.
 F = Levels seen in this place.
 G = Mean time per level.
                   A        B        C        D        E       F      G
               +--------+--------+--------+--------+--------+-----+--------+
         Total |    169 |    169 |      0 |    121 |      1 |   1 |  169.0 |
       Dungeon |    169 |    169 |      0 |    121 |      1 |   1 |  169.0 |
               +--------+--------+--------+--------+--------+-----+--------+

Top non-repeatable levels by time:
       D: 169 daAuts
